 Seeded DCSS version 0.29.1-15-g9cfb28693d (webtiles) character file.

Game seed: 1 (custom seed)

11252 Kazon the Cruncher (level 11, -2/124 (129) HPs)
             Began as a Barachi Fighter on Apr 10, 2023.
             Was a High Priest of Okawaru.
             Slain by a sun demon (20 damage)
             ... summoned by a kobold demonologist
             ... on level 11 of the Dungeon on Apr 11, 2023.
             The game lasted 00:50:28 (7966 turns).

Kazon the Cruncher (Barachi Fighter)                Turns: 7966, Time: 00:50:28

HP:   -2/124 (129)  AC: 11    Str: 19    XL:     11   Next: 74%
MP:   9/16          EV: 13    Int:  9    God:    Okawaru [*****.]
Gold: 687           SH:  5    Dex: 12    Spells: 17/17 levels left

rFire   + . .      SeeInvis .   f - +9 staff of Olgreb {rPois∞}
rCold   + + +      Faith    .   c - +0 buckler
rNeg    + . .      Spirit   .   B - +3 leather armour {rC+}
rPois   ∞          Reflect  .   m - +0 helmet
rElec   .          Harm     .   K - scarf {rC+ rF+}
rCorr   .          Rampage  .   (no gloves)
Will    .....                   n - +2 pair of boots
Stlth   ..........              g - amulet of the acrobat
HPRegen 0.30/turn               t - ring of positive energy
MPRegen 0.15/turn               D - ring of protection from cold

@: berserking, lightly drained, quick
A: amphibious, slowness 1, strong legs 1, +LOS, dopey 1
a: Hop, Renounce Religion, Evoke the Staff of Olgreb, Heroism, Finesse, Duel


You were on level 11 of the Dungeon.
You worshipped Okawaru.
Okawaru was extremely pleased with you.
You visited 2 branches of the dungeon, and saw 12 of its levels.

You collected 729 gold pieces.
You spent 42 gold pieces at shops.

Inventory:

Hand Weapons
 e - a +2 dagger of venom
 f - the +9 staff of Olgreb (weapon) {rPois∞}
   (You acquired it on level 1 of the Dungeon)

   If the wielder is skilled in Evocations, they can envenom those struck by it,
   dealing poison damage which bypasses armour.
   It enhances your poison magic.
   It grants immunity to poison.
   It can be activated via the 'a'bility menu to radiate toxic energy, with
   effectiveness depending on Evocations skill.
 j - the +5 long sword of the Land of Plenty {drain, Dex+3}
   (You found it on level 10 of the Dungeon)

   A truly terrible weapon, it drains the life of any living foe it strikes.
   Dex:       It affects your dexterity (+3).
 v - a +3 vampiric lajatang
Missiles
 o - 3 curare-tipped darts
 s - a throwing net
 y - 17 boomerangs (quivered)
 E - 18 poisoned darts
Armour
 c - a +0 buckler (worn)
 m - a +0 helmet (worn)
 n - a +2 pair of boots (worn)
 B - a +3 leather armour of cold resistance (worn)
 K - a scarf of resistance (worn)
Jewellery
 g - an amulet of the acrobat (around neck)
 t - a ring of positive energy (left hand)
 D - a ring of protection from cold (right hand)
 N - a ring of protection from cold
Wands
 z - a wand of mindburst (16)
 A - a wand of flame (35)
 H - a wand of paralysis (18)
 J - a wand of roots (6)
 M - a wand of polymorph (7)
Scrolls
 i - 3 scrolls of identify
 l - 3 scrolls of fog
 p - 2 scrolls of poison {unknown}
 q - a scroll of immolation
 u - 4 scrolls of teleportation
 w - a scroll of magic mapping
 x - 2 scrolls of noise
 F - 2 scrolls of enchant weapon
 I - 3 scrolls of fear
Potions
 a - a potion of ambrosia
 b - 3 potions of berserk rage
 d - 2 potions of might
 h - 2 potions of flight
 r - 2 potions of haste
 C - 2 potions of cancellation
 G - 2 potions of curing
 O - 5 potions of lignification
Miscellaneous
 L - a condenser vane


   Skills:
 + Level 8.1 Fighting
 + Level 3.6(4.1) Short Blades
 + Level 3.0(4.0) Long Blades
 + Level 8.3 Staves
 + Level 6.9 Throwing
 + Level 7.4 Armour
 + Level 5.5 Dodging
 + Level 5.6 Stealth
 + Level 6.1 Shields
 + Level 3.8 Spellcasting
 + Level 3.9 Poison Magic
 * Level 3.9 Invocations
 * Level 7.3 Evocations


You had 17 spell levels left.
You didn't know any spells.
Your spell library contained the following spells:

 Spells                   Type           Power      Damage    Failure   Level
 Sting                    Tmut/Pois      28%        1d4       19%         1
 Poisonous Vapours        Pois/Air       14%        N/A       26%         2
 Apportation              Tloc           2%         N/A       38%         1
 Magic Dart               Conj           4%         1d3       38%         1
 Necrotise                Necr           4%         1d4       38%         1
 Mephitic Cloud           Conj/Pois/Air  6%         N/A       56%         3
 Olgreb's Toxic Radiance  Pois           13%        N/A       61%         4
 Ozocubu's Armour         Ice            1%         N/A       77%         3
 Fireball                 Conj/Fire      0%         3d3       100%        5
 Iskenderun's Battlesphe  Conj           1%         2d6       100%        5
 Metabolic Englaciation   Hex/Ice        0%         N/A       100%        5
 Conjure Ball Lightning   Conj/Air       0%         3x3d6     100%        6
 Orb of Destruction       Conj           0%         9d5       100%        7
 Summon Small Mammal      Summ           Unusable   N/A       N/A         1
 Call Imp                 Summ           Unusable   N/A       N/A         2
 Simulacrum               Ice/Necr       Unusable   N/A       N/A         6

Dungeon Overview and Level Annotations

Branches:
Dungeon (11/15)            Temple (1/1) D:7            Lair (0/5) D:10
    Orc: D:9-12

Altars:
Ashenzari
Dithmenos
Elyvilon
Fedhas
Gozag
Hepliaklqana
Makhleb
Nemelex Xobeh
Okawaru
Qazlal
Uskayaw
Xom

Shops:
D:3 (   D:8 ?(==   D:10 :


Innate Abilities, Weirdness & Mutations

You are amphibious.
You cover ground slowly.
You can hop short distances.
You have an extended range of vision and can be seen from far away.
You are dopey. (Int -2)


Message History

You hit the soul eater.
You envenom the soul eater.
The soul eater looks as sick as possible!
The soul eater is heavily wounded.
The soul eater disappears in a puff of smoke!
The sun demon misses you.
The kobold demonologist gestures wildly while chanting.
You block the sun demon's attack.
Unknown command.
You hit the sun demon.
You envenom the sun demon.
The sun demon is poisoned.
The sun demon is lightly wounded.
The kobold demonologist gestures wildly while chanting.
You barely miss the sun demon.
The sun demon is lightly wounded.
The sun demon barely misses you.
You barely miss the sun demon.
The sun demon is lightly wounded.
You hit the sun demon but do no damage.
The sun demon is lightly wounded.
The sun demon closely misses you.
You sock the sun demon!
You envenom the sun demon.
The sun demon looks even sicker.
The sun demon is moderately wounded.
You hit the sun demon.
You envenom the sun demon.
The sun demon looks even sicker.
The sun demon is heavily wounded.
The sun demon barely misses you.
You barely miss the sun demon.
The sun demon is heavily wounded.
You hit the sun demon.
The sun demon is heavily wounded.
The sun demon hits you!!
* * * LOW HITPOINT WARNING * * *
You are engulfed in flames!
You resist.
* * * LOW HITPOINT WARNING * * *
Unknown command.
It was a potion of berserk rage.
A red film seems to cover your vision as you go berserk!
Your finesse ends abruptly.
You feel yourself moving faster!
You feel mighty! The sun demon hits you!!
You die...

..#
#..#
.##
##.#
.
#.#
+
#.#
#.#
#.#
#)#
#)#
#@#
#3#
#K#
#K#
#K#
#5#
#.#
#'#
...


You could see a sun demon (summoned, very poisoned), 2 kobold demonologists, a
quasit (summoned) and a kobold.

Vanquished Creatures
  Erolcha (D:10)
  A two-headed ogre (D:9)
  Maggie (D:6)
  2 kobold demonologists (D:11)
  2 trolls (D:10)
  Prince Ribbit (D:9)
  2 shadows
  A vampire (D:10)
  11 yaks
  2 wyverns
  Eustachio (D:5)
  2 steam dragons
  Menkaure (D:5)
  Edmund (D:6)
  An acid dragon (D:10)
  4 water moccasins
  4 orc warriors
  An ice beast (D:8)
  5 sky beasts
  2 black bears (D:6)
  4 centaurs
  An ogre (D:6)
  A wolf (D:10)
  2 phantoms (D:6)
  3 kobold brigands
  3 necrophages
  A bullfrog (D:7)
  A gnoll sergeant (D:7)
  5 scorpions
  21 wights
  3 killer bees (D:10)
  An electric eel (D:10)
  A howler monkey (D:5)
  2 jellies (D:6)
  6 hounds
  7 orc priests
  A gnoll bouda (D:7)
  6 iguanas
  4 orc wizards
  Robin (D:3)
  14 gnolls
  13 adders
  3 shadow imps
  2 white imps (D:7)
  An ufetubus (D:5)
  3 worms
  35 orcs
  11 endoplasms
  A giant cockroach (D:1)
  16 goblins
  9 hobgoblins
  A jackal (D:4)
  26 kobolds
  2 quokkas
  5 ball pythons
  4 bats
  3 frilled lizards
  6 rats
275 creatures vanquished.

Notes
Turn   | Place    | Note
-------+----------+-------------------------------------------
     0 | D:1      | Kazon the Barachi Fighter began the quest for the Orb.
     0 | D:1      | Reached XP level 1. HP: 18/18 MP: 1/1
    40 | D:1      | Identified a scroll of acquirement
    40 | D:1      | Acquired the +9 staff of Olgreb {rPois∞}
    40 | D:1      | Found the +9 staff of Olgreb {rPois∞}
   104 | D:1      | Reached XP level 2. HP: 23/25 MP: 2/2
   732 | D:2      | Reached XP level 3. HP: 30/30 MP: 3/3
  1248 | D:2      | Reached XP level 4. HP: 26/37 MP: 4/4
  1433 | D:3      | Found Umat's Antique Weapon Boutique.
  1505 | D:3      | Reached skill level 1 in Staves
  1593 | D:3      | Noticed Robin
  1601 | D:3      | Killed Robin
  1625 | D:3      | Reached XP level 5. HP: 41/43 MP: 5/5
  1870 | D:3      | Reached skill level 5 in Shields
  1870 | D:3      | Reached XP level 6. HP: 53/53 MP: 6/6
  2018 | D:4      | Reached skill level 5 in Throwing
  2426 | D:4      | Reached skill level 5 in Staves
  2426 | D:4      | Reached XP level 7. HP: 53/59 MP: 7/7
  2709 | D:4      | Found a hazy altar of Hepliaklqana.
  2929 | D:5      | Entered Level 5 of the Dungeon
  2946 | D:5      | Noticed Eustachio
  2956 | D:5      | Killed Eustachio
  2994 | D:5      | Reached XP level 8. HP: 55/65 MP: 4/8
  3183 | D:5      | Noticed Menkaure
  3188 | D:5      | Killed Menkaure
  3189 | D:5      | Reached skill level 1 in Spellcasting
  3434 | D:5      | Reached skill level 1 in Poison Magic
  3725 | D:6      | Reached skill level 5 in Stealth
  3776 | D:6      | Reached XP level 9. HP: 71/71 MP: 11/11
  3835 | D:7      | Found a staircase to the Ecumenical Temple.
  3847 | Temple   | Entered the Ecumenical Temple
  3854 | Temple   | Became a worshipper of Warmaster Okawaru
  3896 | D:7      | Found a hide-covered altar of Uskayaw.
  3951 | D:6      | Reached skill level 5 in Evocations
  3983 | D:6      | Reached * piety under Okawaru
  4258 | D:6      | Noticed Maggie
  4270 | D:6      | Killed Maggie
  4460 | D:6      | Reached XP level 10. HP: 64/77 MP: 9/13
  4463 | D:6      | Reached ** piety under Okawaru
  4494 | D:6      | Noticed Edmund
  4504 | D:6      | Killed Edmund
  4835 | D:7      | Reached skill level 1 in Invocations
  4984 | D:7      | Found a white marble altar of Elyvilon.
  5131 | D:8      | Found Quzidd's Magic Scroll Emporium.
  5136 | D:8      | Bought a scroll of teleportation for 42 gold pieces
  5273 | D:8      | Reached *** piety under Okawaru
  5295 | D:8      | Found Esumer's Weapon Shop.
  5691 | D:8      | Found Zoxtaeshakh's Jewellery Boutique.
  5747 | D:8      | Found Heidghoki's Jewellery Shop.
  6186 | D:9      | Noticed Prince Ribbit
  6192 | D:9      | Killed Prince Ribbit
  6193 | D:9      | Reached skill level 5 in Dodging
  6547 | D:9      | Noticed a two-headed ogre
  6563 | D:9      | Killed a two-headed ogre
  6563 | D:9      | Reached **** piety under Okawaru
  6564 | D:9      | Reached XP level 11. HP: 84/84 MP: 10/16
  6648 | D:10     | Entered Level 10 of the Dungeon
  6654 | D:10     | Noticed Erolcha
  6659 | D:10     | Killed Erolcha
  6678 | D:10     | Identified the +5 long sword of the Land of Plenty {drain,
                  | Dex+3}
  6935 | D:10     | Found a staircase to the Lair.
  7129 | D:10     | Reached ***** piety under Okawaru
  7702 | D:10     | Found Juagoaq's Book Shoppe.
  7722 | D:10     | Received a gift from Okawaru
  7929 | D:11     | Noticed a soul eater
  7936 | D:11     | Noticed a sun demon
  7942 | D:11     | Gained mutation: You are dopey. (Int -2) [a neqoxec]
  7966 | D:11     | Slain by a sun demon

Illustrated notes

Levels and vault maps discovered:
D:1:      dpeg_arrival_three_smaller_balls, layout_basic
D:2:      layout_loops_ring
D:3:      layout_basic, serial_shops, nicolae_shop_stone, st_stairs_9,
          minmay_misc_feat_doors, eino_curves_03, uniq_robin
D:4:      minmay_wonky_spiral, layout_basic,
          mainiacjoe_overflow_surrounded_room, minivault_5
D:5:      layout_cave_pods, uniq_menkaure, uniq_eustachio
D:6:      cheibrodos_barr_body, layout_basic, minmay_crystal_room,
          minmay_pentangle, uniq_maggie, uniq_edmund
D:7:      layout_cave_pools, nicolae_uskayaw_murder_on_the_dancefloor,
          elyvilon_altar_4, minmay_temple_entry_purple_smoke
D:8:      layout_basic, serial_shops, shop_statue, kennysheep_little_box, shop,
          nicolae_shop_window_shopping
D:9:      layout_cave_pools, uniq_prince_ribbit1
D:10:     layout_stronghold, erik_lair_island, serial_shops,
          nicolae_shop_statue_plus, uniq_erolcha
D:11:     layout_roguey
Temple:   nicolae_temple_bog_church

Skill      XL: |  1  2  3  4  5  6  7  8  9 10 11 |
---------------+----------------------------------+-----
Fighting       | 4 6 7 8 |  8.1
Armour         | 4 6 7 |  7.4
Long Blades    | 3 |  3.0
Staves         | 2 4 5 6 7 8 |  8.3
Short Blades   | 3 |  3.6
Throwing       | 4 5 6 |  6.9
Dodging        | 3 4 5 |  5.5
Stealth        | 4 5 |  5.6
Shields        | 5 6 |  6.1
Evocations     | 3 4 5 6 7 |  7.3
Spellcasting   | 1 2 3 |  3.8
Poison Magic   | 1 3 |  3.9
Invocations    | 2 3 |  3.9

Action                   |  1- 3 |  4- 6 |  7- 9 | 10-12 || total
-------------------------+-------+-------+-------+-------++-------
Melee: Staff             |    79 |    76 |   202 |   295 ||   652
       Long sword        |     2 |       |       |       ||     2
Throw: Stone             |     9 |    16 |    13 |    83 ||   121
       Boomerang         |       |     8 |     4 |    26 ||    38
       Dart              |       |       |       |     3 ||     3
Invok: Heroism           |       |       |       |     7 ||     7
       Finesse           |       |       |       |     1 ||     1
 Abil: Hop               |     1 |       |       |       ||     1
       Evoke the Staff o |       |     2 |    14 |    20 ||    36
Evoke: Wand              |       |       |     4 |    11 ||    15
  Use: Scroll            |     1 |       |     3 |    10 ||    14
       Potion            |       |     1 |     3 |     3 ||     7
 Stab: Sleeping          |       |     1 |     4 |     3 ||     8
Armor: Scale mail        |    25 |    29 |    11 |       ||    65
       Leather armour    |       |       |    75 |    55 ||   130
Dodge: Dodged            |    32 |    39 |    91 |   117 ||   279
Block: Buckler           |    11 |    11 |    39 |    48 ||   109
